 Dungeon Crawl Stone Soup version 0.21-a0-480-g5da0f0d (webtiles) character file.

37 slep the Slasher (level 3, -2/27 HPs)
             Began as a Demonspawn Gladiator on Nov 23, 2017.
             Slain by a kobold
             ... wielding a +0 short sword of distortion
              (24 damage)
             ... on level 2 of the Dungeon.
             The game lasted 00:03:46 (886 turns).

slep the Slasher (Demonspawn Gladiator)              Turns: 886, Time: 00:03:47

Health: -2/27      AC: 12    Str: 14    XL:     3   Next: 21%
Magic:  3/3        EV: 10    Int:  9    God:
Gold:   84         SH:  0    Dex: 15    Spells: 2/2 levels left

rFire    . . .     SeeInvis .   a - +0 long sword
rCold    . . .     Gourm    .   (no shield)
rNeg     . . .     Faith    .   g - +0 scale mail
rPois    .         Spirit   .   c - +0 helmet
rElec    .         Reflect  .   (no cloak)
rCorr    .         Harm     .   p - +1 pair of gloves
MR       .....                  l - +0 pair of boots
Stlth    ..........             (no amulet)
HPRegen  0.09/turn              (no ring)
MPRegen  0.08/turn              (no ring)

@: no status effects
A: thin metallic scales 1
a: no special abilities


You were on level 2 of the Dungeon.
You were not hungry.

You visited 1 branch of the dungeon, and saw 2 of its levels.

You collected 84 gold pieces.

Inventory:

Hand Weapons
 a - a +0 long sword (weapon)
Missiles
 d - 3 throwing nets (quivered)
Armour
 b - a +0 leather armour
 c - a +0 helmet (worn)
 g - a +0 scale mail (worn)
 l - a +0 pair of boots (worn)
 p - a +1 pair of gloves (worn)
Scrolls
 e - 2 scrolls of identify {unknown}
 i - a scroll of teleportation {unknown}
 j - a scroll of magic mapping {unknown}
 k - a scroll of fog {unknown}
 n - a scroll of enchant armour {unknown}
Potions
 h - a potion of haste {unknown}
 m - 2 potions of agility {unknown}
 o - a potion of magic {unknown}
Comestibles
 f - 2 bread rations


   Skills:
 + Level 2.2 Fighting
 + Level 3.2 Long Blades
 + Level 2.0 Throwing
 + Level 0.2 Armour
 + Level 3.1 Dodging


You had 2 spell levels left.
You didn't know any spells.

Dungeon Overview and Level Annotations

Branches:
Dungeon (2/15)

Altars:
Qazlal


Innate Abilities, Weirdness & Mutations

You are partially covered in thin metallic scales. (AC +2)


Message History

Sorry, you're not good enough to have a special ability.
Found a stone staircase leading up.
Found a stormy altar of Qazlal.
e - 2 scrolls labeled UBO KUWOCO (gained 1)
A kobold comes into view.
It is wielding a short sword of distortion.
The kobold shouts!
The kobold throws a stone.
The stone hits you but does no damage.
You see here a stone.
The kobold throws a stone.
The stone closely misses you.
You see here a stone.
The kobold throws a stone.
The stone hits you but does no damage.
You see here a stone.
The kobold hits you with a short sword of distortion.
You blink.
A rat comes into view.
You see here a stone.
The kobold hits you with a short sword of distortion.
Space warps horribly around you!
Ouch! That really hurt!
You die...

_.. # # ... # #. .r #
#.###.# # #..#..###..# #
#.........# #
############(####.# #
#...........(.....#
#####.##########@######
......# #.K.# # #######
#.......... . #
##...########.#####. #
##.## #........<#.
######### ###
#.#######.#.
........############ #.#
#)#.
)######............###.#
#.#.
.#################.....#
#...


You could see a kobold and a rat.

Vanquished Creatures
  A dart slug (D:1)
  2 leopard geckos
  2 giant cockroaches (D:1)
  5 goblins
  4 hobgoblins
  4 jackals (D:1)
  4 bats (D:1)
  A frilled lizard (D:1)
  3 kobolds
  4 rats
30 creatures vanquished.

Notes
Turn   | Place    | Note
-------+----------+-------------------------------------------
     0 | D:1      | slep the Demonspawn Gladiator began the quest for the Orb.
     0 | D:1      | Reached XP level 1. HP: 16/16 MP: 1/1
    26 | D:1      | Gained mutation: You are partially covered in thin metallic scales. (AC +2) [demonic ancestry]
    26 | D:1      | Reached XP level 2. HP: 2/22 MP: 2/2
   154 | D:1      | HP: 1/22 [hobgoblin/club (4)]
   680 | D:2      | Reached XP level 3. HP: 27/27 MP: 3/3
   879 | D:2      | Found a stormy altar of Qazlal.
   886 | D:2      | Slain by a kobold

Vault maps used:
D:1:      grunt_arrival_crossed_arrows, st_stairs_14, minivault_27
D:2:      grunt_qazlal_clouds

Skill      XL: |  1  2 |
---------------+-------+-----
Dodging        | 3 |  3.1
Throwing       | 2 |  2.0
Long Blades    | 3 |  3.2
Fighting       | |  2.2
Armour         | |  0.2

Action                   || total
-------------------------++-------
Melee: Long sword        ||    66
Armor: Leather armour    ||    17
       Scale mail        ||    19
Dodge: Dodged            ||    55
       Rpst.: Long sword ||    18

Table legend:
 A = Spawn XP
 B = Non-spawn XP
 C = Spawn XP percentage of total XP
 D = Spawn monster count
 E = Non-spawn monster count
 F = Spawn count percentage of total count
 G = Total turns spent on level
                    A         B        C        D         E        F      G
               +---------+---------+-------+---------+---------+-------+---------
         Total |       0 |      53 |   0.0 |       0 |      30 |   0.0 |   886
               +---------+---------+-------+---------+---------+-------+---------
           D:1 |       0 |      39 |   0.0 |       0 |      22 |   0.0 |   667
           D:2 |       0 |      14 |   0.0 |       0 |       8 |   0.0 |   219
               +---------+---------+-------+---------+---------+-------+---------
